Map: Acropolis LE

Players

Djorn - Winner!

  • Race: Protoss Protoss
  • League: Bronze
  • Spawn Location: 5:00

A.I. 1 (Medium)

  • Race: Terran Terran
  • Spawn Location: 11:00

VOD

Have the link to the VOD?

Description

Time

  • Played on: Aug. 25, 2019, 12:20 a.m.
  • Length: 5:08
Show
View Real Time Build Order
Export as new Build Order

Djorn Protoss - Winner!

Build Orders:  

Get SALT Encoding   

  12  0:03  Probe  
  13  0:15  Probe  
  14  0:27  Pylon  
  14  0:30  Probe  
  15  0:42  Probe  
  16  0:50  Probe  
  17  0:58  Gateway  
  17  0:59  Probe  
  17  1:02  Gateway  
  19  1:11  Probe, Assimilator  
  19  1:23  Probe  
  20  1:36  Probe  
  21  1:48  Probe  
  22  2:00  Probe  
  23  2:07  Cybernetics Core  
  23  2:12  Nexus  
  23  2:31  Pylon  
  23  2:32  Warp Gate  
  23  2:43  Zealot  
  23  2:44  Pylon  
  23  2:45  Pylon x2  
  23  2:47  Adept  
  27  3:07  Zealot  
  29  3:15  Adept  
  31  3:21  Gateway  
  31  3:24  Gateway  
  31  3:33  Assimilator  
  31  3:43  Probe  
  32  3:55  Probe  
  32  3:59  Probe  
  34  4:08  Probe  
  35  4:11  Probe  
  36  4:20  Probe  
  36  4:23  Probe  
  38  4:24  Stalker  
  38  4:25  Stalker x3  
  46  4:32  Probe  
  46  4:35  Probe  
Show
View Real Time Build Order
Export as new Build Order

A.I. 1 (Medium) Terran 

Build Orders: 2 Factory 

Get SALT Encoding   

  12  0:00  SCV  
  13  0:13  SCV  
  14  0:18  Supply Depot  
  14  0:25  SCV  
  15  0:40  SCV  
  15  0:41  Barracks  
  16  0:52  SCV  
  17  1:04  SCV  
  18  1:16  Command Center  
  18  1:28  Orbital Command, Marine  
  19  1:37  Supply Depot  
  19  1:44  Refinery  
  19  1:46  Marine  
  21  1:54  SCV  
  21  2:00  Barracks  
  21  2:05  Refinery  
  21  2:06  SCV  
  22  2:22  SCV  
  23  2:30  Supply Depot  
  23  2:34  SCV  
  24  2:40  Factory  
  24  2:45  Refinery  
  24  2:46  SCV  
  24  2:49  SCV  
  26  2:52  Reaper  
  26  2:57  Barracks Tech Lab  
  27  3:04  Refinery  
  27  3:07  SCV  
  28  3:21  Marine  
  28  3:23  Factory  
  28  3:25  Barracks Tech Lab, SCV  
  30  3:28  SCV, Factory Tech Lab  
  31  3:38  SCV  
  31  3:39  Marine  
  33  3:50  SCV  
  33  3:52  Marauder  
  33  3:54  SCV  
  37  4:02  SCV  
  38  4:06  SCV  
  38  4:07  Factory Tech Lab, Reaper  
  40  4:14  SCV  
  40  4:16  Supply Depot  
  41  4:18  SCV  
  41  4:22  Siege Tank  
  45  4:26  SCV  
  46  4:35  SCV  
  46  4:37  Widow Mine  
  44  4:39  SCV  
  43  4:47  SCV  
  43  4:51  SCV  
Tags
 
League
Bronze
Matchup
PvT
Opening
2 Factory
Replay Pack
sc2replays
Spawn Locations
Cross Positions
Add a new tag
Caveats
  • Supply blocks, unpowered buildings, or Contaminate may cause inaccurate times.
  • Supply counts are checked every 10 seconds.